3L
FT. WORTH CATTLEMEN @ CHARLESTON BATTERY
09/05/2034
 
TOP OF THE 1ST
Ft. Worth Cattlemen batting - Pitching for Charleston Battery : RHP Juan Contreras
Pitching: RHP Juan Contreras
Batting: LHB Jesús Morales 0-0: Ground out 1-3 (Groundball, 13S)
Batting: SHB Roberto Mosca 0-0: Ball
1-0: Called Strike
1-1: Ball
2-1: Foul Ball, location: 2F
2-2: Strikes out swinging
Batting: RHB Bart Lewis 0-0: Ball
1-0: Foul Ball, location: 2F
1-1: Foul Ball, location: 2F
1-2: Ball
2-2: Fly out, F7 (Flyball, 7S)
Top of the 1st over - 0 runs, 0 hits, 0 errors, 0 left on base; Ft. Worth 0 - Charleston 0
BOTTOM OF THE 1ST
Charleston Battery batting - Pitching for Ft. Worth Cattlemen : LHP Zalontae Hillary
Pitching: LHP Zalontae Hillary
Batting: LHB Joey Coco 0-0: Ball
1-0: SOLO HOME RUN (Line Drive, 9D), Distance : 369 ft
Batting: RHB Mike Case 0-0: Ball
1-0: Ball
2-0: Bunt for hit - play at first, batter OUT! 1-3
Batting: RHB Loren Stallings 0-0: Ball
1-0: Foul Ball, location: 2F
1-1: Called Strike
1-2: Reached on error, E3 (Groundball, 34)
Batting: LHB Spencer Powell 0-0: Ball
1-0: Ball
2-0: Called Strike
2-1: Ball
3-1: Base on Balls
Loren Stallings to second
Batting: RHB Paco Muńóz 0-0: Foul Ball, location: 2F
0-1: Ball
1-1: Foul Ball, location: 2F
1-2: SINGLE (Line Drive, 89S)
Loren Stallings to third
Spencer Powell to second
Runner from 3rd tries for Home, SAFE, no throw
Batting: RHB Fernando Rivera 0-0: Ball
1-0: Ball
2-0: Ball
Wild Pitch!
Spencer Powell to third
Paco Muńóz to second
3-0: Foul Ball, location: 2F
3-1: Fly out, F9 (Flyball, 9LS)
Runner from 3rd tags up, OUT at HOME
Bottom of the 1st over - 2 runs, 2 hits, 1 error, 1 left on base; Ft. Worth 0 - Charleston 2
TOP OF THE 2ND
Ft. Worth Cattlemen batting - Pitching for Charleston Battery : RHP Juan Contreras
Batting: LHB Rick Mayfield 0-0: Ball
1-0: Ball
2-0: Ball
3-0: Base on Balls
Batting: RHB Juan Cabrera 0-0: Called Strike
0-1: Ball
1-1: Ball
2-1: Grounds into double play, 6-4-3 (Groundball, 6)
Batting: RHB António Pérez 0-0: Ball
1-0: SINGLE (Groundball, 6MD)
Batting: LHB Fernando Ramírez 0-0: Called Strike
0-1: Ball
1-1: Ball
António Pérez is caught stealing 2nd base
Top of the 2nd over - 0 runs, 1 hit, 0 errors, 0 left on base; Ft. Worth 0 - Charleston 2
BOTTOM OF THE 2ND
Charleston Battery batting - Pitching for Ft. Worth Cattlemen : LHP Zalontae Hillary
Batting: LHB Datu Lesaca 0-0: Ball
1-0: Called Strike
1-1: Swinging Strike
1-2: Fly out, F9 (Line Drive, 9D)
Batting: RHB Jesús Ruano 0-0: Called Strike
0-1: Ball
1-1: Called Strike
1-2: Fly out, F8 (Flyball, 8LM)
Batting: RHB Luis Ríos 0-0: Ball
1-0: Swinging Strike
1-1: Ball
2-1: Swinging Strike
2-2: Ball
3-2: Base on Balls
Batting: LHB Joey Coco 0-0: Foul Ball, location: 2F
0-1: Foul Ball, location: 2F
0-2: Foul Ball, location: 2F
0-2: Strikes out swinging
Bottom of the 2nd over - 0 runs, 0 hits, 0 errors, 1 left on base; Ft. Worth 0 - Charleston 2
TOP OF THE 3RD
Ft. Worth Cattlemen batting - Pitching for Charleston Battery : RHP Juan Contreras
Batting: LHB Fernando Ramírez 0-0: Foul Ball, location: 2F
0-1: Ball
1-1: Ground out 6-3 (Groundball, 6S)
Batting: RHB Keiran Calleson 0-0: Ball
1-0: SINGLE (Groundball, 4MD)
Batting: SHB Robby Day 0-0: Ball
1-0: Foul Ball, location: 2F
1-1: Ball
2-1: Foul Ball, location: 2F
2-2: Foul Ball, location: 2F
2-2: Strikes out looking
Batting: LHB Jesús Morales 0-0: Fly out, F8 (Flyball, 8RM)
Top of the 3rd over - 0 runs, 1 hit, 0 errors, 1 left on base; Ft. Worth 0 - Charleston 2
BOTTOM OF THE 3RD
Charleston Battery batting - Pitching for Ft. Worth Cattlemen : LHP Zalontae Hillary
Batting: RHB Mike Case 0-0: Called Strike
0-1: Called Strike
0-2: Fly out, F8 (Line Drive, 8RM)
Batting: RHB Loren Stallings 0-0: Ground out 5-3 (Groundball, 56)
Batting: LHB Spencer Powell 0-0: Ball
1-0: Swinging Strike
1-1: Foul Ball, location: 2F
1-2: Ball
2-2: Ball
3-2: Fly out, F8 (Flyball, 89M)
Bottom of the 3rd over - 0 runs, 0 hits, 0 errors, 0 left on base; Ft. Worth 0 - Charleston 2
TOP OF THE 4TH
Ft. Worth Cattlemen batting - Pitching for Charleston Battery : RHP Juan Contreras
Batting: SHB Roberto Mosca 0-0: Ball
1-0: Ball
2-0: Called Strike
2-1: Foul Ball, location: 2F
2-2: Ball
3-2: Base on Balls
Batting: RHB Bart Lewis 0-0: Grounds into double play, 6-4-3 (Groundball, 6)
Batting: LHB Rick Mayfield 0-0: Ground out 6-3 (Groundball, 6)
Top of the 4th over - 0 runs, 0 hits, 0 errors, 0 left on base; Ft. Worth 0 - Charleston 2
BOTTOM OF THE 4TH
Charleston Battery batting - Pitching for Ft. Worth Cattlemen : LHP Zalontae Hillary
Batting: RHB Paco Muńóz 0-0: Ball
1-0: Called Strike
1-1: Foul Ball, location: 2F
1-2: Ball
2-2: Ball
3-2: Foul Ball, location: 2F
3-2: Base on Balls
Batting: RHB Fernando Rivera Pickoff Throw to First - Out!
0-0: Foul Ball, location: 2F
0-1: Swinging Strike
0-2: Strikes out looking
Batting: LHB Datu Lesaca 0-0: Swinging Strike
0-1: Ball
1-1: Ball
2-1: Ball
3-1: Called Strike
3-2: SOLO HOME RUN (Flyball, 9D), Distance : 374 ft
Batting: RHB Jesús Ruano 0-0: Ball
1-0: Ball
2-0: Ball
3-0: Called Strike
3-1: Called Strike
3-2: Fly out, F8 (Flyball, 8LM)
Bottom of the 4th over - 1 run, 1 hit, 0 errors, 0 left on base; Ft. Worth 0 - Charleston 3
TOP OF THE 5TH
Ft. Worth Cattlemen batting - Pitching for Charleston Battery : RHP Juan Contreras
Batting: RHB Juan Cabrera 0-0: Ground out 6-3 (Groundball, 6S)
Batting: RHB António Pérez 0-0: Ball
1-0: Ball
2-0: Ball
3-0: Called Strike
3-1: Foul Ball, location: 2F
3-2: Foul Ball, location: 2F
3-2: Base on Balls
Batting: LHB Fernando Ramírez 0-0: Ball
1-0: Ball
2-0: Ball
3-0: Called Strike
3-1: Fly out, F5 (Popup, 56S)
Batting: RHB Keiran Calleson 0-0: Ball
1-0: Ball
2-0: SINGLE (Groundball, 4MD)
António Pérez to second
Runner from 2nd tries for 3rd, SAFE, no throw
Batting: SHB Robby Day 0-0: Ball
1-0: Called Strike
1-1: SINGLE (Groundball, 23) (infield hit)
António Pérez scores
Keiran Calleson to second
Batting: LHB Jesús Morales 0-0: Ball
1-0: Foul Ball, location: 2F
1-1: Ball
2-1: Foul Ball, location: 2F
2-2: Ball
3-2: Base on Balls
Keiran Calleson to third
Robby Day to second
Batting: SHB Roberto Mosca 0-0: Single, Error in OF, E7, batter to second base
Keiran Calleson scores
Robby Day scores
Jesús Morales to third
Batting: RHB Bart Lewis 0-0: Ball
1-0: Fly out, F2 (Popup, 23F)
Top of the 5th over - 3 runs, 3 hits, 1 error, 2 left on base; Ft. Worth 3 - Charleston 3
BOTTOM OF THE 5TH
Charleston Battery batting - Pitching for Ft. Worth Cattlemen : LHP Zalontae Hillary
Batting: RHB Luis Ríos 0-0: Foul Ball, location: 2F
0-1: Ball
1-1: Ground out 1-3 (Groundball, 13)
Batting: LHB Joey Coco 0-0: Called Strike
0-1: Ball
1-1: Ball
2-1: Ball
3-1: Foul Ball, location: 2F
3-2: SINGLE (Line Drive, 9S)
Batting: RHB Mike Case 0-0: Ball
1-0: Called Strike
1-1: SINGLE (Groundball, 56D)
Joey Coco to second
Batting: RHB Loren Stallings 0-0: Called Strike
0-1: Ball
Joey Coco steals 3rd base
Mike Case to second
1-1: Swinging Strike
1-2: Foul Ball, location: 2F
1-2: Foul Ball, location: 2F
1-2: Ball
2-2: Ground out 4-3 (Groundball, 4)
Joey Coco scores
Mike Case to third
Batting: LHB Spencer Powell 0-0: Called Strike
0-1: SINGLE (Groundball, 56S) (infield hit)
Mike Case scores
Batting: RHB Paco Muńóz 0-0: Called Strike
0-1: Ball
Wild Pitch!
Spencer Powell to second
1-1: Ball
2-1: Called Strike
2-2: Ball
3-2: Ground out 6-3 (Groundball, 6)
Bottom of the 5th over - 2 runs, 3 hits, 0 errors, 1 left on base; Ft. Worth 3 - Charleston 5
TOP OF THE 6TH
Ft. Worth Cattlemen batting - Pitching for Charleston Battery : RHP Juan Contreras
Batting: LHB Rick Mayfield 0-0: Foul Ball, location: 2F
0-1: Ball
1-1: Called Strike
1-2: Strikes out swinging
Batting: RHB Juan Cabrera 0-0: Ball
1-0: SINGLE (Line Drive, 7S)
Batting: RHB António Pérez 0-0: SINGLE (Flyball, 9LM)
Juan Cabrera to second
Runner from 2nd tries for 3rd, SAFE, no throw
Batting: LHB Fernando Ramírez Pickoff Throw to First - Out!
0-0: Ball
1-0: Ground out 3-1 (Groundball, 34)
Top of the 6th over - 0 runs, 2 hits, 0 errors, 1 left on base; Ft. Worth 3 - Charleston 5
BOTTOM OF THE 6TH
Charleston Battery batting - Pitching for Ft. Worth Cattlemen : LHP Zalontae Hillary
Pitching: RHP Folkert van Huizen
Batting: RHB Fernando Rivera 0-0: Foul Ball, location: 2F
0-1: Called Strike
0-2: Ground out U3 (Groundball, 34)
Batting: LHB Datu Lesaca 0-0: Ball
1-0: Called Strike
1-1: Foul Ball, location: 2F
1-2: Strikes out swinging, 2-3 out at first.
Batting: RHB Jesús Ruano 0-0: Ground out U3 (Groundball, 34)
Bottom of the 6th over - 0 runs, 0 hits, 0 errors, 0 left on base; Ft. Worth 3 - Charleston 5
TOP OF THE 7TH
Ft. Worth Cattlemen batting - Pitching for Charleston Battery : RHP Juan Contreras
Batting: RHB Keiran Calleson 0-0: Ball
1-0: Swinging Strike
1-1: Foul Ball, location: 2F
1-2: Strikes out looking
Batting: SHB Robby Day 0-0: Ball
1-0: Ball
2-0: Called Strike
2-1: Ball
3-1: Swinging Strike
3-2: Base on Balls
Batting: LHB Jesús Morales 0-0: Called Strike
0-1: Ball
1-1: Grounds into double play, 4-6-3 (Groundball, 4)
Top of the 7th over - 0 runs, 0 hits, 0 errors, 0 left on base; Ft. Worth 3 - Charleston 5
BOTTOM OF THE 7TH
Charleston Battery batting - Pitching for Ft. Worth Cattlemen : RHP Folkert van Huizen
Batting: RHB Luis Ríos 0-0: Called Strike
0-1: Ball
1-1: Ground out 6-3 (Groundball, 6S)
Batting: LHB Joey Coco 0-0: Swinging Strike
0-1: Ball
1-1: Ball
2-1: Foul Ball, location: 2F
2-2: Ball
3-2: SINGLE (Flyball, 9S)
Batting: RHB Mike Case 0-0: Ball
1-0: SINGLE (Line Drive, 8RS)
Joey Coco to second
Batting: RHB Loren Stallings 0-0: Called Strike
0-1: Swinging Strike
0-2: Ball
1-2: Foul Ball, location: 2F
1-2: Strikes out swinging
Batting: LHB Spencer Powell 0-0: Ball
1-0: Ball
2-0: Called Strike
2-1: Foul Ball, location: 2F
2-2: Foul Ball, location: 2F
2-2: Strikes out swinging
Bottom of the 7th over - 0 runs, 2 hits, 0 errors, 2 left on base; Ft. Worth 3 - Charleston 5
TOP OF THE 8TH
Ft. Worth Cattlemen batting - Pitching for Charleston Battery : RHP Juan Contreras
Batting: SHB Roberto Mosca 0-0: Swinging Strike
0-1: Ball
1-1: Ball
2-1: Ball
3-1: Base on Balls
Pitching: RHP Jon King
Batting: RHB Bart Lewis 0-0: Called Strike
0-1: Foul Ball, location: 2F
0-2: Ball
1-2: Ball
2-2: Foul Ball, location: 2F
2-2: Ball
3-2: Base on Balls
Roberto Mosca to second
Batting: LHB Rick Mayfield 0-0: Foul Ball, location: 2F
0-1: SINGLE (Groundball, 23) (infield hit)
Roberto Mosca to third
Bart Lewis to second
Batting: RHB Juan Cabrera 0-0: Foul Ball, location: 2F
0-1: Ball
1-1: Foul Ball, location: 2F
1-2: Foul Ball, location: 2F
1-2: Ball
2-2: Strikes out looking
Batting: RHB António Pérez 0-0: Called Strike
0-1: Swinging Strike
0-2: Strikes out looking
Batting: LHB Fernando Ramírez 0-0: Called Strike
0-1: Ball
1-1: Fielders Choice at 2nd, U4 (Groundball, 4M)
Top of the 8th over - 0 runs, 1 hit, 0 errors, 3 left on base; Ft. Worth 3 - Charleston 5
BOTTOM OF THE 8TH
Charleston Battery batting - Pitching for Ft. Worth Cattlemen : RHP Folkert van Huizen
Batting: RHB Paco Muńóz 0-0: Ball
1-0: Fly out, F7 (Line Drive, 7)
Batting: RHB Fernando Rivera 0-0: Foul Ball, location: 2F
0-1: Ball
1-1: Ground out 5-3 (Groundball, 5L)
Batting: LHB Datu Lesaca 0-0: Called Strike
0-1: Ball
1-1: Ball
2-1: Fly out, F7 (Flyball, 7)
Bottom of the 8th over - 0 runs, 0 hits, 0 errors, 0 left on base; Ft. Worth 3 - Charleston 5
TOP OF THE 9TH
Ft. Worth Cattlemen batting - Pitching for Charleston Battery : RHP Jon King
Batting: RHB Keiran Calleson 0-0: Ball
1-0: Ball
2-0: Called Strike
2-1: Ball
3-1: Base on Balls
Pitching: RHP Marcos Oquendo
Batting: SHB Robby Day 0-0: Ball
1-0: Called Strike
1-1: Ball
2-1: Called Strike
2-2: Strikes out swinging
Batting: LHB Jesús Morales 0-0: Ball
1-0: SINGLE (Flyball, 9LS)
Keiran Calleson to second
Batting: SHB Roberto Mosca 0-0: Ball
1-0: Ball
2-0: Ball
3-0: Called Strike
3-1: Called Strike
3-2: Base on Balls
Keiran Calleson to third
Jesús Morales to second
Batting: RHB Bart Lewis 0-0: Ball
1-0: Ball
2-0: Swinging Strike
2-1: Foul Ball, location: 2F
2-2: Foul Ball, location: 2F
2-2: Ball
3-2: Fly out, F8 (Flyball, 8RD)
Runner from 3rd tags up, SCORES, no throw
Batting: LHB Rick Mayfield 0-0: Foul Ball, location: 2F
0-1: Called Strike
0-2: Ball
1-2: Strikes out swinging
Top of the 9th over - 1 run, 1 hit, 0 errors, 2 left on base; Ft. Worth 4 - Charleston 5
Friday, March 29th, 2019 - OOTP Baseball 18.8 Build 76